 Dungeon Crawl Stone Soup version 0.30-a0-465-g8901f6c8b5 (webtiles) character file.

Game seed: 3744105141090190893

46 Monkooky the Slasher (level 3, 0/43 HPs)
             Began as a Draconian Wanderer on Dec 17, 2022.
             Was a Follower of Sif Muna.
             Slain by a gnoll
             ... wielding a +0 flail
              (7 damage)
             ... on level 2 of the Dungeon.
             The game lasted 00:01:55 (1448 turns).

Monkooky the Slasher (Draconian Wanderer)           Turns: 1448, Time: 00:01:56

Health: 0/43       AC: 21    Str: 12    XL:     3   Next: 46%
Magic:  3/3        EV:  2    Int: 10    God:    Sif Muna [*.....]
Gold:   127        SH:  4    Dex: 16    Spells: 2/2 levels left

rFire   . . .      SeeInvis .    a - +0 rapier
rCold   . . .      Faith    .    c - +0 buckler
rNeg    . . .      Spirit   .    (body armour unavailable)
rPois   +          Reflect  .    (helmet currently unavailable)
rElec   .          Harm     .    (cloak currently unavailable)
rCorr   .          Rampage  .    (gloves currently unavailable)
Will    .....      NoTele   +    (boots currently unavailable)
Stlth   ++........               (no amulet)
HPRegen 0.27/turn                m - +4 ring of evasion
MPRegen 0.08/turn                (no ring)

@: tree-form
A: stationary, stasis, torment immunity, boosted hp, AC +5, unfitting armour,
(cold-blooded)
a: Renounce Religion, Channel Magic


You were on level 2 of the Dungeon.
You worshipped Sif Muna.
Sif Muna was aware of your devotion.
You were a tree.
You visited 1 branch of the dungeon, and saw 2 of its levels.

You collected 127 gold pieces.

Inventory:

Hand Weapons
 a - a +0 rapier (weapon)
 b - a +0 quarterstaff
Missiles
 p - a throwing net (quivered)
Armour
 c - a +0 buckler (worn)
Jewellery
 m - a +4 ring of evasion (left branch)
Scrolls
 f - 2 scrolls of identify {unknown}
 g - a scroll of acquirement {unknown}
 j - a scroll of immolation {unknown}
 k - a scroll of enchant weapon {unknown}
 l - a scroll of teleportation {unknown}
 o - a scroll of butterflies {unknown}
Potions
 e - a potion of invisibility {unknown}
 h - a potion of attraction {unknown}
 i - 4 potions of curing {unknown}
 n - a potion of cancellation {unknown}


   Skills:
 - Level 2.1 Fighting
 - Level 2.0(2.9) Short Blades
 + Level 3.2(3.5) Long Blades
 - Level 1.0 Staves
 - Level 1.0 Dodging
 - Level 1.0 Stealth
 - Level 2.0 Shields
 - Level 1.0 Evocations


You had 2 spell levels left.
You didn't know any spells.
Your spell library was empty.

Dungeon Overview and Level Annotations

Branches:
Dungeon (2/15)

Altars:
Sif Muna


Innate Abilities, Weirdness & Mutations

You are a tree.
Your roots penetrate the ground, keeping you stationary.
You cannot be teleported.
You are immune to unholy pain and torment.
Your maximum health is greatly increased.
Your equipment is partially melded.
((Your plain brown scales are hard. (AC +5)))
You cannot fit into any form of body armour.
((You are cold-blooded and may be slowed by cold attacks.))


Message History

The gnoll is severely wounded.
The gnoll hits you but does no damage.
You hit the gnoll.
You kill the gnoll!
Sif Muna accepts your kill.
Your Long Blades skill increases to level 3!
You hit the gnoll.
The gnoll is lightly wounded.
The gnoll hits you with a +0 flail. The gnoll hits you but does no damage.
You hit the gnoll.
The gnoll is heavily wounded.
The gnoll hits you but does no damage.
You hit the gnoll but do no damage.
The gnoll is heavily wounded.
The gnoll hits you with a +0 flail.
You hit the gnoll but do no damage.
The gnoll is heavily wounded.
The gnoll hits you with a +0 flail!
You hit the gnoll.
The gnoll is severely wounded.
The gnoll hits you with a +0 flail.
You barely miss the gnoll.
The gnoll is severely wounded.
The gnoll hits you with a +0 flail!
* * * LOW HITPOINT WARNING * * *
You hit the gnoll but do no damage.
The gnoll is severely wounded.
The gnoll hits you but does no damage.
You hit the gnoll but do no damage.
The gnoll is heavily wounded.
The gnoll hits you but does no damage.
You hit the gnoll.
The gnoll is severely wounded.
The gnoll hits you with a +0 flail.
* * * LOW HITPOINT WARNING * * *
You block the gnoll's attack.
You closely miss the gnoll.
The gnoll is severely wounded.
The gnoll hits you with a +0 flail!
You die...

.........# #.. .........# #..
##...##### #.. .....# #.. ###'##
#.. ..#.# #.. ....# #..
###############################..
..............gg♣.)..............
#################################
#<#.......................#
####.#.#####################.#
.......# #.# .....### #.# ######
#.# #<# ###


You could see 2 gnolls.

Vanquished Creatures
  A gnoll (D:2)
  An adder (D:2)
  A ball python (D:2)
  An endoplasm (D:2)
  6 hobgoblins
  2 quokkas
  2 bats
  2 frilled lizards (D:1)
  4 goblins
  3 kobolds
  3 rats (D:1)
26 creatures vanquished.

Vanquished Creatures (others)
  A rat (D:1)
  6 toadstools (D:2)
7 creatures vanquished.

Grand Total: 33 creatures vanquished

Notes
Turn   | Place    | Note
-------+----------+-------------------------------------------
     0 | D:1      | Monkooky the Draconian Wanderer began the quest for the
                  | Orb.
     0 | D:1      | Monkooky set off with the following items: a +0 rapier, a
                  | +0 quarterstaff, a +0 buckler, a potion of lignification.
     0 | D:1      | Reached XP level 1. HP: 17/17 MP: 1/1
    58 | D:1      | Reached skill level 1 in Long Blades
   223 | D:1      | Reached XP level 2. HP: 24/24 MP: 2/2
   357 | D:1      | Reached skill level 2 in Long Blades
   966 | D:2      | Found a faded altar of an unknown god.
   975 | D:2      | Prayed at the altar of an unknown god.
   975 | D:2      | Became a worshipper of Sif Muna the Loreminder
   975 | D:2      | Reached * piety under Sif Muna
   989 | D:2      | Reached XP level 3. HP: 17/29 MP: 3/3
  1439 | D:2      | Reached skill level 3 in Long Blades
  1448 | D:2      | Slain by a gnoll

Illustrated notes

Levels and vault maps discovered:
D:1:      minmay_arrival_plants_in_alcoves, layout_loops_ring,
          lemuel_flame_loot_1
D:2:      cheibrodos_fertilizer, layout_basic,
          hellmonk_ecumenical_altar_lost_god, corexii_hall_statues_s

Skill      XL: |  1  2  3 |
---------------+----------+-----
Long Blades    | 1 2 3 |  3.2
Fighting       | |  2.1
Short Blades   | |  2.0
Staves         | |  1.0
Dodging        | |  1.0
Stealth        | |  1.0
Shields        | |  2.0
Evocations     | |  1.0

Action                   || total
-------------------------++-------
Melee: Rapier            ||   107
       Tailslap          ||     7
  Use: Potion            ||     1
 Stab: Sleeping          ||     3
Armor: Skin              ||    26
Dodge: Dodged            ||    52
Block: Buckler           ||    26

Table legend: (Time is in decaauts)
 A = Elapsed time spent in this place.
 B = Non-inter-level travel time spent in this place.
 C = Inter-level travel time spent in this place.
 D = Time resting spent in this place.
 E = Time spent auto-exploring this place.
 F = Levels seen in this place.
 G = Mean time per level.
                   A        B        C        D        E       F      G
               +--------+--------+--------+--------+--------+-----+--------+
         Total |   1460 |   1374 |     86 |      4 |   1088 |   2 |  730.0 |
       Dungeon |   1460 |   1374 |     86 |      4 |   1088 |   2 |  730.0 |
               +--------+--------+--------+--------+--------+-----+--------+

Top non-repeatable levels by time:
     D:1: 923 daAuts
     D:2: 536 daAuts
